 Dungeon Crawl Stone Soup version 0.29.1-2-gbd0b4ee654 (webtiles) character file.

Game seed: 7005108739218444086

15978 xian the Envoy of Void (level 12, -12/92 HPs)
             Began as a Demonspawn Abyssal Knight on Nov 4, 2022.
             Was a High Priest of Lugonu.
             Hit by a silver javelin thrown by a minotaur (18 damage)
             ... in a Gauntlet.
             The game lasted 00:49:07 (14512 turns).

xian the Envoy of Void (Demonspawn Abyssal Knight) Turns: 14512, Time: 00:49:07

Health: -12/92     AC: 23    Str: 25    XL:     12   Next: 6%
Magic:  21/21      EV: 11    Int: 25    God:    Lugonu [*****.]
Gold:   656        SH:  4    Dex: 19    Spells: 11/11 levels left

rFire   + + +      SeeInvis .   k - +3 dagger (venom)
rCold   + + +      Faith    .   (no shield)
rNeg    + . .      Spirit   .   L - +0 chain mail
rPois   +          Reflect  .   U - +0 helmet of Notarghyf {+Blink rPois Str+5 Dex-4}
rElec   .          Harm     .   (no cloak)
rCorr   .          Rampage  .   (gloves unavailable)
Will    .....      NoTele   +   F - +2 pair of boots "Fuklolapt" {rPois Dex+4}
Stlth   ..........              I - macabre finger necklace {rN+}
HPRegen 0.25/turn               j - ring of Pragmatism {rC+ Int+7 Dex+6}
MPRegen 0.17/turn               s - ring of Lady Luck {*Slow rF++ rC+ AC+4 Int+3}
                                T - ring of Bopy {Contam rF++ rC+ Str+2 Int+2}

@: no status effects
A: yellow scales 2, condensation shield, demonic touch 3
a: Renounce Religion, Evoke Blink, Depart the Abyss, Bend Space, Banish,
Corrupt, Enter the Abyss


You were in a Gauntlet.
You worshipped Lugonu.
Lugonu was extremely pleased with you.
You visited 1 branch of the dungeon, and saw 11 of its levels.
You visited the Abyss 1 time.
You also visited: Ossuary and Gauntlet.

You collected 656 gold pieces.

Inventory:

Hand Weapons
 k - a +3 dagger of venom (weapon)
 B - a +0 hand crossbow
Missiles
 a - 5 boomerangs
 b - 10 poisoned darts (quivered)
 o - 6 atropa-tipped darts
Armour
 A - a +2 helmet
 F - the +2 pair of boots "Fuklolapt" (worn) {rPois Dex+4}
   (You found it on level 5 of the Dungeon)

   Dex:       It affects your dexterity (+4).
   rPois:     It protects you from poison.
 L - a +0 chain mail (worn)
 Q - +0 acid dragon scales
 U - the +0 helmet of Notarghyf (worn) {+Blink rPois Str+5 Dex-4}
   (You found it in a Gauntlet)

   Str:       It affects your strength (+5).
   Dex:       It affects your dexterity (-4).
   rPois:     It protects you from poison.
   +Blink:    It lets you blink.
Magical Staves
 x - a staff of earth
Jewellery
 f - a ring of ice
 j - the ring of Pragmatism (left hand) {rC+ Int+7 Dex+6}
   (You found it in a Gauntlet)

   [ring of dexterity]

   Int:       It affects your intelligence (+7).
   Dex:       It affects your dexterity (+6).
   rC:        It protects you from cold.
 s - the ring of Lady Luck (right hand) {*Slow rF++ rC+ AC+4 Int+3}
   (You found it in a Gauntlet)

   [ring of protection]

   AC:        It affects your AC (+4).
   Int:       It affects your intelligence (+3).
   rF:        It greatly protects you from fire.
   rC:        It protects you from cold.
   *Slow:     It may slow you when you take damage.
 u - an amulet of guardian spirit
 v - a ring of wizardry
 y - an amulet of faith
 I - the macabre finger necklace (around neck) {rN+}
   (You found it in a Gauntlet)

   [amulet of nothing]

   It enables you to equip an extra ring.
   rN:        It protects you from negative energy.
 R - a +6 ring of strength
 T - the ring of Bopy (on amulet) {Contam rF++ rC+ Str+2 Int+2}
   (You found it in a Gauntlet)

   [ring of protection from cold]

   Str:       It affects your strength (+2).
   Int:       It affects your intelligence (+2).
   rF:        It greatly protects you from fire.
   rC:        It protects you from cold.
   Contam:    It causes magical contamination when unequipped.
Wands
 m - a wand of flame (46)
 D - a wand of iceblast (1)
 G - a wand of paralysis (14)
 M - a wand of digging (17)
Scrolls
 c - 2 scrolls of amnesia {unknown}
 d - a scroll of silence
 e - 3 scrolls of immolation
 g - 4 scrolls of enchant weapon
 n - 4 scrolls of teleportation
 q - 2 scrolls of enchant armour
 r - 3 scrolls of butterflies
 w - a scroll of vulnerability
 H - a scroll of torment
 J - 3 scrolls of brand weapon {unknown}
 S - a scroll of identify
Potions
 i - a potion of curing
 l - 4 potions of magic {unknown}
 p - 6 potions of attraction {unknown}
 t - 3 potions of brilliance
 C - 4 potions of flight {unknown}
 E - 3 potions of lignification {unknown}
 K - a potion of degeneration {unknown}
 N - 3 potions of mutation {unknown}
 O - a potion of ambrosia {unknown}
 P - a potion of cancellation {unknown}


   Skills:
 + Level 7.9 Fighting
 + Level 7.6 Short Blades
 + Level 3.1 Axes
 + Level 2.9 Throwing
 + Level 9.4 Armour
 + Level 5.6 Dodging
 + Level 2.0 Stealth
 + Level 4.0 Shields
 * Level 12.3 Invocations


You had 11 spell levels left.
You didn't know any spells.
Your spell library contained the following spells:

 Spells                   Type           Power      Damage    Failure   Level
 Sting                    Tmut/Pois      0%         1d3       56%         1
 Poisonous Vapours        Pois/Air       0%         N/A       71%         2
 Confusing Touch          Hex            0%         N/A       91%         3
 Portal Projectile        Hex/Tloc       0%         N/A       91%         3
 Tukima's Dance           Hex            0%         N/A       91%         3
 Olgreb's Toxic Radiance  Pois           0%         N/A       100%        4
 Petrify                  Tmut/Erth      0%         N/A       100%        4
 Alistair's Intoxication  Tmut/Pois      0%         N/A       100%        5
 Blade Hands              Tmut           0%         N/A       100%        5
 Borgnjor's Vile Clutch   Necr/Erth      0%         N/A       100%        5
 Metabolic Englaciation   Hex/Ice        0%         N/A       100%        5
 Yara's Violent Unravell  Hex/Tmut       0%         3d3       100%        5
 Eringya's Noxious Bog    Tmut/Pois      0%         N/A       100%        6
 Statue Form              Tmut/Erth      0%         N/A       100%        6
 Enfeeble                 Hex            0%         N/A       100%        7
 Chain Lightning          Conj/Air       0%         N/A       100%        9
 Fire Storm               Conj/Fire      0%         5d1       100%        9
 Shatter                  Erth           0%         3d5*      100%        9


Dungeon Overview and Level Annotations

Branches:
Dungeon (11/15)            Temple (0/1) D:6            Lair (0/5) D:11
Ossuary (visited)         Gauntlet (1/1)
    Orc: D:9-12

Altars:
Ashenzari
Cheibriados
Fedhas
Hepliaklqana
Kikubaaqudgha
Makhleb
Trog
Uskayaw
Vehumet
Xom

Shops:
D:6 *   D:8 (   D:9 ?

Annotations:
Abyss:1 Blork the orc, Eustachio, Joseph, Maggie, Sigmund, Snorg Gauntlet 7 transporters, corrupted


Innate Abilities, Weirdness & Mutations

You are mostly covered in yellow scales. (AC +3)
A meltable shield of frost defends you. (SH +4)
Your touch may irresistibly damage your foes and sap their willpower.


Message History

Press: ? - help, Shift-Dir - straight line, f/p - minotaur
Aim: a minotaur, wielding a +6 great mace of protection, wearing a +0 chain mail and quivering silver javelins (lightly wounded, very poisoned, chance to affect: 1%)
Okay, then.
You feel much better.
The minotaur throws a silver javelin.
The silver javelin pierces through you! The silver sears you!
The minotaur hits you with a +6 great mace of protection!
* * * LOW HITPOINT WARNING * * *
The minotaur gores you but does no damage.
Unknown command.
You feel better.
The minotaur hits you with a +6 great mace of protection!
* * * LOW HITPOINT WARNING * * *
The minotaur gores you.
* * * LOW HITPOINT WARNING * * *
Okay, then.
As you read the scroll of butterflies, it crumbles to dust.
You hear the tinkle of a tiny bell.
The minotaur hits you with a +6 great mace of protection.
* * * LOW HITPOINT WARNING * * *
The minotaur misses you.
You swap places.
The minotaur hits your butterfly with a +6 great mace of protection!!
Your butterfly dies!
Your butterfly disappears in a burst of colours!
There is a transporter landing site here.
Throw: 11 darts (poison)
Press: ? - help, Q - select action, (/) - cycle Shift-Dir - straight line, f/p - minotaur
Aim: a minotaur, wielding a +6 great mace of protection, wearing a +0 chain mail and quivering silver javelins (lightly wounded, poisoned, ally target, 75% to hit)
You throw a poisoned dart. The poisoned dart hits the minotaur.
The minotaur looks even sicker.
The minotaur is lightly wounded.
The minotaur hits your butterfly with a +6 great mace of protection!!
Your butterfly dies!
Your butterfly disappears in a burst of colours!
The minotaur hits your butterfly with a +6 great mace of protection!!!
Your butterfly dies!
Your butterfly disappears in a burst of colours!
The minotaur throws a silver javelin.
The silver javelin pierces through you!!
You die...

..#...©...#.#.#.©.#.#.####©####..
..#.#####.#.#.......#.#...#...#..
..#.......#.#.#.#.#.#.#.#####.#..
..#..[©?99#.#..[Z!ZZ#.#...©...#..
..#########.#########.#########..
.................................
..............8.∩.8............§§
#≈#≈#≈#§#≈#############≈#≈#§#≈#§#
############....@b...############
#...©bb.bb..## #.....bbb.b...#
#.##.##b##H##b# #. #.##.##(# .#
............# .##.##.##.##.# #.
#. #. .# .# . . ..


You could see a minotaur (very poisoned, ally target), a gargoyle, a six-headed
hydra simulacrum, a wolf spider simulacrum and a centaur warrior simulacrum.

Vanquished Creatures
  A dire elephant (Gauntlet)
  A two-headed ogre (D:10)
  Amaemon (D:9)
  A lindwurm (shapeshifter) (Gauntlet)
  An oklob plant (Gauntlet)
  A manticore (D:9)
  An elephant (Gauntlet)
  An orange demon (D:9)
  A troll (D:10)
  2 shadows (D:11)
  3 wraiths
  2 wyverns
  13 yaks
  A spriggan (D:7)
  4 vampire mosquitoes
  2 steam dragons
  2 acid dragons
  3 water moccasins
  A black bear (D:4)
  4 orc warriors
  3 ice beasts
  4 ogres
  A centaur (D:8)
  2 phantoms
  3 bullfrogs
  2 kobold brigands (D:6)
  14 scorpions
  9 wights
  18 killer bees
  A jelly (D:4)
  6 howler monkeys
  4 orc priests
  2 centaur zombies (Ossuary)
  Crazy Yiuf (D:7)
  6 hounds
  A gnoll bouda (D:5)
  Jessica (D:2)
  Ijyb (D:3)
  5 iguanas
  10 orc wizards
  7 scorpion zombies (Ossuary)
  Natasha (D:2)
  4 mummies
  3 gnolls
  8 river rats (D:6)
  7 adders
  5 shadow imps (D:7)
  2 white imps
  3 ufetubi
  2 worms
  26 orcs
  9 bats
  5 endoplasms
  10 giant cockroaches
  3 gnoll zombies (Ossuary)
  10 goblins
  9 hobgoblins
  4 jackals
  9 quokkas
  8 ball pythons
  7 frilled lizards
  4 goblin zombies
  13 kobolds
  3 kobold zombies (Ossuary)
  5 orc zombies (Ossuary)
  20 rats
327 creatures vanquished.

Vanquished Creatures (others)
  A catoblepas (Gauntlet)
  2 gargoyles (Gauntlet)
  3 meliai (Gauntlet)
  A yak (D:10)
  An ufetubus (D:7)
  5 foxfires (Gauntlet)
  18 fungi (D:11)
  31 plants
  10 withered plants
72 creatures vanquished.

Grand Total: 399 creatures vanquished

Notes
Turn   | Place    | Note
-------+----------+-------------------------------------------
     0 | Abyss:1  | xian the Demonspawn Abyssal Knight began the quest for the
                  | Orb.
     0 | Abyss:1  | Reached XP level 1. HP: 18/18 MP: 2/2
     1 | D:1      | Escaped the Abyss
     1 | D:1      | Found a faded altar of an unknown god.
   329 | D:1      | Gained mutation: You are partially covered in yellow
                  | scales. (AC +2) [demonic ancestry]
   329 | D:1      | Reached XP level 2. HP: 19/24 MP: 3/3
   550 | D:1      | Reached skill level 1 in Dodging
   965 | D:1      | Reached *** piety under Lugonu
  1057 | D:1      | You fall into a shaft and drop 1 floor!
  1078 | D:2      | Gained mutation: Your touch may inflict minor irresistible
                  | damage on your foes. [demonic ancestry]
  1078 | D:2      | Reached XP level 3. HP: 23/29 MP: 4/4
  1293 | D:2      | Reached skill level 3 in Invocations
  1388 | D:2      | Noticed Jessica
  1393 | D:2      | Killed Jessica
  1394 | D:2      | Reached XP level 4. HP: 35/35 MP: 6/6
  1510 | D:2      | Noticed Natasha
  1517 | D:2      | Killed Natasha
  2028 | D:3      | Noticed Ijyb
  2035 | D:3      | Reached XP level 5. HP: 42/42 MP: 7/7
  2044 | D:3      | Killed Ijyb
  2045 | D:3      | Reached skill level 1 in Short Blades
  2408 | D:4      | Reached **** piety under Lugonu
  2532 | D:4      | Found a sand-covered staircase.
  2552 | Ossuary  | Entered an ossuary
  2573 | Ossuary  | Reached XP level 6. HP: 43/48 MP: 8/8
  2600 | Ossuary  | Reached skill level 4 in Invocations
  2853 | Ossuary  | Gained mutation: You are mostly covered in yellow scales.
                  | (AC +3) [demonic ancestry]
  2853 | Ossuary  | Reached XP level 7. HP: 44/54 MP: 10/10
  3202 | Ossuary  | Reached ***** piety under Lugonu
  3219 | Ossuary  | Reached skill level 5 in Invocations
  3685 | Ossuary  | Gained mutation: A meltable shield of frost defends you.
                  | (SH +4) [demonic ancestry]
  3685 | Ossuary  | Reached XP level 8. HP: 59/61 MP: 11/11
  3687 | Ossuary  | Reached skill level 5 in Fighting
  4297 | D:4      | Reached skill level 5 in Armour
  4527 | D:5      | Entered Level 5 of the Dungeon
  4844 | D:5      | Reached skill level 6 in Invocations
  5423 | D:5      | Identified the +2 pair of boots "Fuklolapt" {rPois Dex+4}
  5511 | D:5      | Gained mutation: Your touch may inflict irresistible damage
                  | on your foes. [demonic ancestry]
  5511 | D:5      | Reached XP level 9. HP: 68/68 MP: 14/14
  5518 | D:5      | Reached skill level 7 in Invocations
  5707 | D:6      | Noticed Eustachio
  5716 | D:6      | Banished Eustachio
  5757 | D:6      | Found Monaakh's Lightly-Used Armoury.
  5780 | D:6      | Noticed Sigmund
  5789 | D:6      | Found a radiant altar of Vehumet.
  5898 | D:6      | Banished Sigmund
  5899 | D:6      | Reached skill level 5 in Short Blades
  5899 | D:6      | Reached skill level 1 in Throwing
  5999 | D:6      | Found a burning altar of Makhleb.
  6061 | D:6      | Reached skill level 1 in Shields
  6063 | D:6      | Noticed Blork the orc
  6403 | D:6      | Found a blossoming altar of Fedhas.
  6432 | D:6      | Banished Blork the orc
  6433 | D:6      | Reached skill level 8 in Invocations
  6485 | D:6      | Found a hide-covered altar of Uskayaw.
  6809 | D:7      | Noticed Maggie
  6816 | D:7      | Banished Maggie
  6817 | D:7      | Reached XP level 10. HP: 37/77 MP: 4/16
  6818 | D:7      | Reached skill level 1 in Stealth
  7345 | D:7      | Found a hazy altar of Hepliaklqana.
  7535 | D:7      | Found a snail-covered altar of Cheibriados.
  7735 | D:7      | Found a runed translucent door.
  7736 | D:7      | Noticed Crazy Yiuf
  7742 | D:7      | Killed Crazy Yiuf
  8114 | D:8      | Found Hicaj's Antique Weapon Boutique.
  8247 | D:6      | Reached skill level 5 in Dodging
  8292 | D:6      | Found a staircase to the Ecumenical Temple.
  8462 | D:6      | Reached skill level 9 in Invocations
  9134 | D:8      | Found an ancient bone altar of Kikubaaqudgha.
 10435 | D:9      | Reached skill level 10 in Invocations
 10565 | D:9      | Found Hioc's Magic Scroll Shop.
 10626 | D:9      | Noticed a two-headed ogre
 10631 | D:9      | Banished a two-headed ogre
 10632 | D:9      | Gained mutation: Your touch may irresistibly damage your
                  | foes and sap their willpower. [demonic ancestry]
 10632 | D:9      | Reached XP level 11. HP: 61/84 MP: 11/18
 10919 | D:9      | Noticed Joseph
 10924 | D:9      | Banished Joseph
 11305 | D:9      | Noticed Amaemon
 11379 | D:9      | Found a shimmering altar of Xom.
 11379 | D:9      | Found a bloodstained altar of Trog.
 11473 | D:9      | Reached skill level 11 in Invocations
 11716 | D:10     | Entered Level 10 of the Dungeon
 11716 | D:10     | Noticed a two-headed ogre
 11726 | D:10     | Killed a two-headed ogre
 12140 | D:9      | Killed Amaemon
 12606 | D:10     | Noticed Snorg
 12620 | D:10     | Banished Snorg
 13124 | D:10     | Found a broken altar of Ashenzari.
 13206 | D:11     | Found Vuinid's Magic Scroll Shoppe.
 13361 | D:11     | Found a gate leading to a gauntlet.
 13378 | D:11     | Reached skill level 12 in Invocations
 13412 | Gauntlet | Entered a Gauntlet
 13412 | Gauntlet | Noticed an oklob plant
 13412 | Gauntlet | Found a transporter.
 13412 | Gauntlet | Found a transporter.
 13417 | Gauntlet | Found a transporter.
 13427 | Gauntlet | Found a runed translucent door.
 13429 | Gauntlet | Found a transporter.
 13431 | Gauntlet | Found a runed translucent door.
 13432 | Gauntlet | Found a transporter.
 13435 | Gauntlet | Found a transporter.
 13476 | Gauntlet | Found the macabre finger necklace {rN+}
 13478 | Gauntlet | Found a transporter.
 13481 | Gauntlet | Found a transporter.
 13481 | Gauntlet | Found a transporter.
 13527 | Gauntlet | Noticed a catoblepas
 13545 | Gauntlet | Found a transporter.
 13570 | Gauntlet | Found a transporter.
 13684 | Gauntlet | Killed an oklob plant
 13693 | Gauntlet | Identified the ring of Pragmatism {rC+ Int+7 Dex+6}
 13724 | Gauntlet | Corrupted Gauntlet
 13724 | Gauntlet | Noticed a bone dragon
 13724 | Gauntlet | Noticed a lich
 13724 | Gauntlet | Noticed a bone dragon
 13724 | Gauntlet | Noticed a tentacled starspawn
 13724 | Gauntlet | Noticed a soul eater
 13724 | Gauntlet | Noticed a hellephant
 13724 | Gauntlet | Noticed a lich
 13724 | Gauntlet | Noticed a red draconian
 13725 | Gauntlet | Noticed a white very ugly thing
 13726 | Gauntlet | Noticed a tentacled starspawn
 13727 | Gauntlet | Noticed a thrashing horror
 13727 | Gauntlet | Noticed a starcursed mass
 13727 | Gauntlet | Noticed a starcursed mass
 13728 | Gauntlet | Killed a catoblepas
 13739 | Gauntlet | Noticed a tentacled starspawn
 13739 | Gauntlet | Noticed a large abomination
 13747 | Gauntlet | Noticed a large abomination
 13760 | Gauntlet | Noticed a thrashing horror
 13768 | Gauntlet | Noticed a catoblepas
 13784 | Gauntlet | Found a transporter.
 13971 | Gauntlet | Found a transporter.
 13981 | Gauntlet | Found a transporter.
 13984 | Gauntlet | Noticed a dire elephant
 14057 | Gauntlet | Noticed a mana viper
 14060 | Gauntlet | a mana viper changed into a jumping spider
 14144 | Gauntlet | Noticed a lindwurm
 14144 | Gauntlet | a torpor snail changed into a lindwurm
 14160 | Gauntlet | Killed a lindwurm
 14231 | Gauntlet | Identified the ring of Bopy {Contam rF++ rC+ Str+2 Int+2}
 14364 | Gauntlet | Killed a dire elephant
 14365 | Gauntlet | Reached XP level 12. HP: 18/92 MP: 21/21
 14375 | Gauntlet | Identified the ring of Lady Luck {*Slow rF++ rC+ AC+4
                  | Int+3}
 14382 | Gauntlet | Identified the +0 helmet of Notarghyf {+Blink rPois Str+5
                  | Dex-4}
 14432 | Gauntlet | Noticed a minotaur
 14512 | Gauntlet | Hit by a silver javelin thrown by a minotaur

Illustrated notes

Levels and vault maps discovered:
D:1:      spicycebolla_arrival_ecumenical, layout_loops_corners
D:2:      layout_basic, uniq_jessica, uniq_natasha
D:3:      layout_rooms, uniq_ijyb
D:4:      minmay_diamond_boxcup, layout_basic, nicolae_ossuary_entry_giza
D:5:      layout_basic, minmay_tree_intersection,
          nicolae_kite_square_tiling_tiny, hangedman_decor_slide_cut,
          minmay_misc_feat_iff, kennysheep_small_spiral
D:6:      lemuel_ratsnest, layout_cave_pools, mainiacjoe_overflow_alcove_2,
          lemuel_coloured_pillars_altar, fedhas_altar_2,
          mainiacjoe_overflow_concentric_impassable, temple_hall,
          minmay_shop_damaged, uniq_sigmund, uniq_eustachio, uniq_blork_the_orc
D:7:      layout_layer_cave, nzn_hepliaklqana_mist_gate,
          mainiacjoe_overflow_paths, serial_demonic, serial_demonic_f,
          serial_demonic_f, serial_demonic_d, serial_demonic_g, the_hattery,
          uniq_maggie, uniq_crazy_yiuf_cottage
D:8:      layout_basic, kiku_gazebo_garden_becter, serial_shops,
          nicolae_stop_n_shop_2
D:9:      layout_small_grid, nicolae_overflow_two_pavilions, serial_shops,
          nicolae_shop_trees, uniq_amaemon, uniq_joseph
D:10:     layout_loops_ring, kennysheep_little_box, patterned_corridor,
          uniq_snorg
D:11:     layout_stronghold, due_lair_maze_entry_diamond,
          gauntlet_entry_generic, mrwooster_statue_mirror,
          small_chamber_with_monster, nicolae_stop_n_shop_2, chequers_arboretum,
          hangedman_decor_opposing, nicolae_ru_path_of_blood
Gauntlet: gammafunk_gauntlet_mixed_choke_point [minmay_gauntlet_arena_77_box,
          minmay_gauntlet_arena_77_tiled_triplets,
          minmay_gauntlet_arena_77_shame_cube, gammafunk_gauntlet_arena_grid,
          minmay_gauntlet_arena_77_chump_sandwich,
          minmay_gauntlet_arena_77_museum, minmay_gauntlet_arena_77_two_paths,
          gauntlet_exit_green]

Skill      XL: |  1  2  3  4  5  6  7  8  9 10 11 |
---------------+----------------------------------+-----
Axes           | 2 3 |  3.1
Dodging        | 1 2 3 4 5 |  5.6
Armour         | 2 3 4 5 6 7 9 |  9.4
Invocations    | 3 4 5 6 8 10 12 | 12.3
Short Blades   | 2 3 4 5 6 7 |  7.6
Fighting       | 4 5 6 7 |  7.9
Throwing       | 1 2 |  2.9
Shields        | 1 3 4 |  4.0
Stealth        | 1 2 |  2.0

Action                   |  1- 3 |  4- 6 |  7- 9 | 10-12 || total
-------------------------+-------+-------+-------+-------++-------
Melee: Hand axe          |   150 |     1 |       |       ||   151
       Touch             |     6 |    22 |    96 |   145 ||   269
       Dagger            |       |   107 |   402 |   684 ||  1193
       Punch             |       |     1 |     5 |     9 ||    15
Throw: Dart              |     2 |       |     9 |    19 ||    30
       Boomerang         |       |       |    15 |       ||    15
Invok: Banish            |       |       |     5 |     4 ||     9
       Bend Space        |       |       |       |     1 ||     1
       Corrupt           |       |       |       |     1 ||     1
  Use: Scroll            |       |     6 |     7 |    10 ||    23
       Potion            |       |       |     2 |    11 ||    13
Armor: Leather armour    |     4 |       |       |       ||     4
       Ring mail         |    77 |    45 |   165 |       ||   287
       Chain mail        |       |       |    54 |   349 ||   403
Dodge: Dodged            |   103 |    39 |   217 |   328 ||   687
Block: Other             |       |       |    48 |   124 ||   172
